 Dungeon Sprint DCSS version 0.28.0-45-g0d030f2227 (webtiles) character file.

Game seed: 3079721882785402318

2800000 thiscave3701365 the Axe Maniac (level 18, -87/236 HPs)
             Began as a Troll Berserker on Apr 19, 2022.
             Was the Champion of Makhleb.
             Annihilated by a large bag of meat
             ... wielding a +9 giant spiked club
              (98 damage)
             ... in the Dungeon (Sprint VIII: "Arena of Blood").
             The game lasted 00:01:20 (28 turns).

thiscave3701365 the Axe Maniac (Troll Berserker)      Turns: 28, Time: 00:01:22

Health: -87/236    AC:  4    Str: 36    XL:     18   Next: 75%
Magic:  17/31      EV: 18    Int:  3    God:    Makhleb [******]
Gold:   0          SH:  0    Dex:  9    Spells: 17/17 levels left

rFire   . . .      SeeInvis .   i - +∞ Axe of Woe
rCold   . . .      Faith    .   (shield currently unavailable)
rNeg    . . .      Spirit   .   b - +0 animal skin
rPois   .          Reflect  .   (helmet restricted)
rElec   .          Harm     .   (no cloak)
rCorr   .          Rampage  .   (gloves unavailable)
Will    +....      NoTele   +   (boots unavailable)
Stlth   ++........              (no amulet)
HPRegen 1.29/turn               (no ring)
MPRegen 0.22/turn               (no ring)

@: no status effects
A: large, unfitting armour, claws 3, regeneration 1, shaggy fur 1, tough skin 1
a: Renounce Religion, Minor Destruction, Lesser Servant of Makhleb, Major
Destruction, Greater Servant of Makhleb


You were in the Dungeon.
You worshipped Makhleb.
Makhleb was exalted by your worship.
You visited 1 branch

Inventory:

Hand Weapons
 a - a +0 hand axe
 i - the +∞ Axe of Woe (weapon)
   (You found it in the Dungeon)
Armour
 b - a +0 animal skin (worn)
Scrolls
 h - a scroll of blinking
Potions
 c - a potion of curing
 d - a potion of heal wounds
 e - a potion of haste
 f - 2 potions of magic
 g - a potion of berserk rage


   Skills:
 O Level 27 Fighting
 + Level 7.0(8.4) Short Blades
 + Level 7.0(8.4) Long Blades
 O Level 27 Axes
 + Level 7.7(21.1) Maces & Flails
 + Level 7.0(19.6) Polearms
 + Level 7.0(9.5) Staves
 + Level 5.8(7.0) Slings
 + Level 5.8 Bows
 + Level 5.8 Crossbows
 + Level 7.7(9.2) Throwing
 + Level 7.0 Armour
 O Level 27 Dodging
 + Level 4.8 Stealth
 + Level 6.4 Shields
 + Level 7.8 Unarmed Combat
 + Level 21.4 Invocations
 + Level 5.9 Evocations


You had 17 spell levels left.
You didn't know any spells.
Your spell library was empty.

Dungeon Overview and Level Annotations

Branches:
Dungeon (1/1)

Altars:
Makhleb


Innate Abilities, Weirdness & Mutations

You are too large for most types of armour.
You have claws for hands.
Your natural rate of healing is unusually fast.
You are covered in fur. (AC +1)
You have tough skin. (AC +1)


Message History

You fatally mangle the large bag of meat.
Makhleb accepts your kill.
You feel better.
You carve the bag of meat like a ham!!!
You fatally mangle the bag of meat.
You kill the bag of meat!
Makhleb accepts your kill.
You feel better.
The large bag of meat explodes!
The fiery explosion engulfs you!!!
The large bag of meat explodes!
The fiery explosion engulfs you!!
You are engulfed in blazing flames.
You hear two shouts!
A meat berserker comes into view. It is wielding a +9 battleaxe.
You hear a shout! x4
Your Invocations skill gained 14 levels and is now at level 21!
Unknown command.
The destroyer appears out of thin air!
A destroyer comes into view. It is wielding a +9 vorpal great sword.
You are engulfed in blazing flames.
* * * LOW HITPOINT WARNING * * *
You hear a shout! x3
A bag of meat comes into view. It is wielding a +9 war axe.
You hear a shout! x4
A large bag of meat comes into view. It is wielding a +9 giant spiked club.
You hear a shout!
The destroyer shouts!
Items here: ))))) ===== †. 2 bags of meat, a destroyer and a large bag of meat come into view.
The destroyer is wielding a +9 vorpal great sword.
You are engulfed in blazing flames.
* * * LOW HITPOINT WARNING * * *
The bag of meat shouts!
The destroyer shouts!
The large bag of meat shouts in stereo!
You hear a shout! x2
The meat berserker rages.
The destroyer gestures at you while chanting.
The destroyer blinks!
The large bag of meat is engulfed in blazing flames.
The large bag of meat hits you with a +9 giant spiked club!!
* * * LOW HITPOINT WARNING * * *
The large bag of meat hits you with a +9 giant spiked club!!!!
You die...

......#.....# ..
......#_.<._#....
......#..)..#....
#........_.......
........###......
...###..))...###.
... #☼§☼)...#
o....#§°○)...#.
O.....O@o)......
....O§)O.O......
.....O.O....O.V.
.........V....##
....#.....oO.#..
............O#..
.o.##.#.......o
.. .......O.§.


You could see 2 destroyers, 6 large bags of meat, 5 meat berserkers and 5 bags
of meat.

Vanquished Creatures
  7 ogres (D)
  3 two-headed ogres (D)
  17 orcs (D)
27 creatures vanquished.

Notes
Turn   | Place    | Note
-------+----------+-------------------------------------------
     0 | D        | Found the +∞ Axe of Woe
     0 | D        | thiscave3701365 the Troll Berserker began the quest for the
                  | Orb.
     0 | D        | Reached XP level 1. HP: 22/22 MP: 0/0
     1 | D        | Noticed a bag of meat
     3 | D        | Fell from the grace of Trog
     3 | D        | Became a worshipper of Makhleb the Destroyer
     3 | D        | Noticed a meat berserker
     5 | D        | Killed a meat berserker
     6 | D        | Reached skill level 15 in Fighting
     6 | D        | Reached XP level 2. HP: 57/57 MP: 1/1
     6 | D        | Reached XP level 3. HP: 65/65 MP: 2/2
     6 | D        | Reached XP level 4. HP: 74/74 MP: 3/3
     6 | D        | Reached XP level 5. HP: 81/81 MP: 4/4
     6 | D        | Reached XP level 6. HP: 91/91 MP: 5/5
     6 | D        | Reached XP level 7. HP: 98/98 MP: 6/6
     6 | D        | Reached XP level 8. HP: 107/107 MP: 7/7
     6 | D        | Reached XP level 9. HP: 115/115 MP: 8/8
     6 | D        | Reached XP level 10. HP: 124/124 MP: 9/9
     6 | D        | Reached XP level 11. HP: 132/132 MP: 10/10
     7 | D        | Noticed a bag of meat
     7 | D        | Noticed a meat berserker
     7 | D        | Noticed a meat berserker
     8 | D        | Noticed a bag of meat
     8 | D        | Noticed a bag of meat
     8 | D        | Noticed a bag of meat
     8 | D        | Noticed a bag of meat
     9 | D        | Killed a meat berserker
     9 | D        | Reached * piety under Makhleb
     9 | D        | Noticed a bag of meat
     9 | D        | Noticed a bag of meat
     9 | D        | Noticed a bag of meat
    10 | D        | Reached XP level 12. HP: 141/141 MP: 11/11
    10 | D        | Reached XP level 13. HP: 149/149 MP: 12/12
    10 | D        | Noticed a bag of meat
    10 | D        | Noticed a bag of meat
    10 | D        | Noticed a meat berserker
    10 | D        | Noticed a bag of meat
    11 | D        | Killed a meat berserker
    11 | D        | Noticed a large bag of meat
    11 | D        | Noticed a bag of meat
    12 | D        | Killed a bag of meat
    12 | D        | Killed a bag of meat
    12 | D        | Reached ** piety under Makhleb
    12 | D        | Noticed a bag of meat
    13 | D        | Reached XP level 14. HP: 159/159 MP: 13/13
    14 | D        | Noticed a bag of meat
    14 | D        | Noticed a bag of meat
    14 | D        | Noticed a bag of meat
    15 | D        | Killed a bag of meat
    15 | D        | Killed a bag of meat
    15 | D        | Killed a meat berserker
    15 | D        | Reached *** piety under Makhleb
    15 | D        | Killed a bag of meat
    15 | D        | Noticed a meat berserker
    16 | D        | Reached skill level 27 in Axes
    16 | D        | Reached XP level 15. HP: 91/185 MP: 14/14
    16 | D        | Noticed a meat berserker
    17 | D        | Reached **** piety under Makhleb
    18 | D        | Reached XP level 16. HP: 208/208 MP: 15/15
    18 | D        | Noticed a large bag of meat
    18 | D        | Noticed a meat berserker
    19 | D        | Reached ***** piety under Makhleb
    20 | D        | Reached skill level 27 in Fighting
    20 | D        | Killed a large bag of meat
    21 | D        | Reached skill level 27 in Dodging
    21 | D        | Reached XP level 17. HP: 173/226 MP: 16/16
    21 | D        | Noticed a large bag of meat
    22 | D        | Noticed a meat berserker
    22 | D        | Killed a meat berserker
    23 | D        | Reached skill level 5 in Unarmed Combat
    23 | D        | Killed a meat berserker
    23 | D        | Killed a meat berserker
    23 | D        | Noticed a meat berserker
    24 | D        | Reached skill level 5 in Slings
    24 | D        | Reached skill level 5 in Bows
    24 | D        | Reached skill level 5 in Crossbows
    24 | D        | Reached skill level 5 in Evocations
    24 | D        | Reached XP level 18. HP: 236/236 MP: 16/22
    24 | D        | Noticed a large bag of meat
    24 | D        | Noticed a meat berserker
    24 | D        | Noticed a meat berserker
    24 | D        | Noticed a large bag of meat
    25 | D        | Noticed a large bag of meat
    26 | D        | Noticed a large bag of meat
    26 | D        | Killed a large bag of meat
    26 | D        | Reached ****** piety under Makhleb
    26 | D        | Killed a large bag of meat
    26 | D        | Noticed a meat berserker
    27 | D        | Noticed a large bag of meat
    27 | D        | Noticed a destroyer
    28 | D        | Noticed a destroyer
    28 | D        | Noticed a large bag of meat
    28 | D        | HP: 11/236 [large bag of meat/+9 giant spiked club (33)]
    28 | D        | Annihilated by a large bag of meat

Illustrated notes

Levels and vault maps discovered:
D:        meatsprint

Skill      XL: |  1  2  3  4  5  6  7  8  9 10 11 12 13 14 15 16 17 18 |
---------------+-------------------------------------------------------+-----
Fighting       | 15 20 24 27 | 27.0
Axes           | 14 20 26 27 | 27.0
Dodging        | 14 19 23 27 | 27.0
Short Blades   | 7 |  7.0
Long Blades    | 7 |  7.0
Maces & Flails | 7 |  7.7
Polearms       | 7 |  7.0
Staves         | 7 |  7.0
Slings         | 5 |  5.8
Bows           | 5 |  5.8
Crossbows      | 5 |  5.8
Throwing       | 7 |  7.7
Armour         | 7 |  7.0
Stealth        | 4 |  4.8
Shields        | 6 |  6.4
Unarmed Combat | 7 |  7.8
Invocations    | 7 21 | 21.4
Evocations     | 5 |  5.9

Action                   |  1- 3 |  4- 6 |  7- 9 | 10-12 | 13-15 | 16-18 || total
-------------------------+-------+-------+-------+-------+-------+-------++-------
Melee: Executioner's axe |     1 |       |       |     1 |     5 |     5 ||    12
Invok: Major Destruction |       |       |       |       |       |     2 ||     2
Dodge: Dodged            |       |       |       |       |       |     1 ||     1
